 Dungeon Crawl Stone Soup version 0.27-a0-1105-g946c659c87 (webtiles) character file.

Game seed: 5734839833423639719

6 kodamatunes15 the Skirmisher (level 2, 0/24 HPs)
             Began as a Human Berserker on Apr 30, 2021.
             Was a Follower of Trog.
             Slain by a quokka (2 damage)
             ... on level 1 of the Dungeon.
             The game lasted 00:03:29 (341 turns).

kodamatunes15 the Skirmisher (Human Berserker)       Turns: 341, Time: 00:03:33

Health: 0/24       AC:  9    Str: 17    XL:     2   Next: 0%
Magic:  2/2        EV: 12    Int:  7    God:    Trog [*.....]
Gold:   13         SH:  0    Dex: 12    Spells: 1/1 levels left

rFire    . . .     SeeInvis .   f - +0 dagger (protect)
rCold    . . .     Faith    .   (no shield)
rNeg     . . .     Spirit   .   b - +0 animal skin
rPois    .         Reflect  .   (no helmet)
rElec    .         Harm     .   (no cloak)
rCorr    .         Rampage  .   (no gloves)
Will     .....                  (no boots)
Stlth    +.........             (no amulet)
HPRegen  0.08/turn              (no ring)
MPRegen  0.08/turn              (no ring)

@: under a protective aura
A: no striking features
a: Renounce Religion, Berserk


You were on level 1 of the Dungeon.
You worshipped Trog.
Trog was aware of your devotion.
You visited 1 branch of the dungeon, and saw 1 of its levels.

You collected 13 gold pieces.

Inventory:

Hand Weapons
 a - a +0 hand axe
 f - a +0 dagger of protection (weapon)
 g - a +0 spear
 i - a +0 whip
 j - a +0 short sword
Missiles
 e - 8 arrows
 h - 11 bolts
Armour
 b - a +0 animal skin (worn)
Potions
 c - 3 potions of berserk rage {unknown}
 d - a potion of cancellation {unknown}


   Skills:
 + Level 3.1 Fighting
 + Level 3.1 Axes
 + Level 2.0 Armour
 + Level 2.1 Dodging


You had one spell level left.
You didn't know any spells.
Your spell library was empty.

Dungeon Overview and Level Annotations

Branches:
Dungeon (1/15)

Altars:


Message History

The kobold hits you but does no damage. The bat hits you but does no damage.
The quokka barely misses you.
You barely miss the kobold. The bat barely misses you.
The bat closely misses you. The kobold misses you.
The quokka bites you but does no damage.
You hit the kobold but do no damage. The bat closely misses you.
The kobold hits you with a +0 club.
The quokka bites you but does no damage.
The bat closely misses you. The bat hits you but does no damage.
The quokka twitches its whiskers.
The quokka closely misses you.
You hit the quokka but do no damage. The bat barely misses you.
The quokka bites you but does no damage.
The kobold barely misses you. The quokka bites you.
You closely miss the quokka. The bat misses you.
The kobold hits you but does no damage.
The quokka bites you but does no damage.
The bat hits you.
You hit the quokka.
The quokka is moderately wounded.
The bat hits you but does no damage. The kobold hits you but does no damage.
The quokka bites you.
* * * LOW HITPOINT WARNING * * *
You hit the quokka but do no damage.
The quokka is moderately wounded.
The bat misses you. The kobold hits you with a +0 club.
* * * LOW HITPOINT WARNING * * *
The quokka bites you.
* * * LOW HITPOINT WARNING * * *
You closely miss the quokka.
The quokka is moderately wounded.
The kobold completely misses you. The quokka barely misses you.
The bat barely misses you.
You closely miss the quokka.
The quokka is moderately wounded.
The bat hits you.
* * * LOW HITPOINT WARNING * * *
The quokka closely misses you. The kobold hits you but does no damage.
The quokka bites you.
You die...

# #..##.#.###.##.#### ##. ...
#####..##.............# #.
... .......#.....##.##.##.#
#. ...
######.#...........##.###.###
... # #......###.##.........
###..............###.
#.......b>####.#
#.#.#####.### .#
#.#......@K.# # #.......#r#.#
####.##..... #. #......# .
......## # #.....# #.....#
#.#####


You could see a quokka, a bat and a kobold.

Vanquished Creatures
  An endoplasm (D:1)
  A goblin (D:1)
  A hobgoblin (D:1)
  A kobold (D:1)
  A ball python (D:1)
5 creatures vanquished.

Notes
Turn   | Place    | Note
-------+----------+-------------------------------------------
     0 | D:1      | kodamatunes15 the Human Berserker began the quest for the
                  | Orb.
     0 | D:1      | Reached XP level 1. HP: 18/18 MP: 1/1
   115 | D:1      | Found a faded altar of an unknown god.
   269 | D:1      | Reached XP level 2. HP: 13/24 MP: 2/2
   341 | D:1      | Slain by a quokka

Illustrated notes

Levels and vault maps discovered:
D:1:      minmay_arrival_stair_chambers, layout_loops_cross,
          shapermc_ecumenical_altar_gd

Action                   || total
-------------------------++-------
Melee: Dagger            ||    35
       Hand axe          ||     8
  Use: Scroll            ||     1
Armor: Animal skin       ||    21
Dodge: Dodged            ||    30

Table legend: (Time is in decaauts)
 A = Elapsed time spent in this place.
 B = Non-inter-level travel time spent in this place.
 C = Inter-level travel time spent in this place.
 D = Time resting spent in this place.
 E = Time spent auto-exploring this place.
 F = Levels seen in this place.
 G = Mean time per level.
                   A        B        C        D        E       F      G
               +--------+--------+--------+--------+--------+-----+--------+
         Total |    341 |     78 |    263 |      0 |      0 |   1 |  341.0 |
       Dungeon |    341 |     78 |    263 |      0 |      0 |   1 |  341.0 |
               +--------+--------+--------+--------+--------+-----+--------+

Top non-repeatable levels by time:
     D:1: 341 daAuts
